 Dungeon Crawl Stone Soup version 0.26.1-11-gd32895ea62 (webtiles) character file.

Game seed: 14915391557368098369

160 johnnyshock00 the Slasher (level 5, -13/47 HPs)
             Began as a Hill Orc Berserker on July 23, 2021.
             Was a Believer of Trog.
             Mangled by an ogre
             ... wielding a cursed +0 giant club
              (19 damage)
             ... on level 4 of the Dungeon.
             The game lasted 00:31:55 (3495 turns).

johnnyshock00 the Slasher (Hill Orc Berserker)      Turns: 3495, Time: 00:31:55

Health: -13/47     AC: 12    Str: 21    XL:     5   Next: 41%
Magic:  5/5        EV:  6    Int:  7    God:    Trog [**....]
Gold:   186        SH:  0    Dex: 10    Spells: 4/4 levels left

rFire    . . .     SeeInvis .   o - +0 flail
rCold    . . .     Faith    .   (no shield)
rNeg     . . .     Spirit   .   k - +0 plate armour
rPois    .         Reflect  .   (no helmet)
rElec    .         Harm     .   (no cloak)
rCorr    .         Rampage  .   n - +0 pair of gloves {archery}
Will     .....                  (no boots)
Stlth    ..........             (no amulet)
HPRegen  0.15/turn              (no ring)
MPRegen  0.09/turn              (no ring)

@: berserk cooldown, slowed, very slow
A: no striking features
a: Renounce Religion, Berserk, Trog's Hand


You were on level 4 of the Dungeon.
You worshipped Trog.
Trog was pleased with you.
You visited 1 branch of the dungeon, and saw 4 of its levels.

You collected 186 gold pieces.

Inventory:

Hand Weapons
 o - a +0 flail (weapon)
Missiles
 c - 15 poisoned darts (quivered)
 d - 59 bolts
Armour
 b - a +0 animal skin
 k - a +0 plate armour (worn)
 n - a +0 pair of gloves of archery (worn)
Potions
 e - a potion of degeneration {unknown}
 g - a potion of magic {unknown}
 i - a potion of heal wounds {unknown}
 j - 2 potions of curing {unknown}
 l - a potion of flight {unknown}
 m - 2 potions of brilliance {unknown}


   Skills:
 + Level 4.6 Fighting
 + Level 5.0 Long Blades
 + Level 2.9 Armour
 + Level 2.2 Dodging
 + Level 0.2 Stealth


You had 4 spell levels left.
You didn't know any spells.
Your spell library was empty.

Dungeon Overview and Level Annotations

Branches:
Dungeon (4/15)
 Temple: D:4-7

Altars:
Gozag


Message History

The floor, spattered with blood.
A red film seems to cover your vision as you go berserk!
You feel yourself moving faster!
You feel mighty!
You barely miss the ogre.
The ogre hits you with a cursed +0 giant club!!
You barely miss the ogre.
The ogre hits you with a cursed +0 giant club.
You sock the ogre!
The ogre is heavily wounded.
The ogre hits you with a cursed +0 giant club!
* * * LOW HITPOINT WARNING * * *
You feel a strong urge to attack something.
You are no longer berserk.
You are exhausted.
You feel yourself slow down.
Found 2 gold pieces.
Found a stone staircase leading up.
The ogre barely misses you.
Found a polished hunting sling.
The ogre hits you with a cursed +0 giant club!!
You die...

##### #...# #####
#...# #$..
####...###.#
#..........###
#....@O......#
#....<.....#.# #
###
#...#...###.#.##.#
#.. .).# #...#
#......# #.# .#.
#...# ###.####
####.#.#.# .#
#.### #.##
..#.#..># .# ..
#!.# ##.#.#..#
..#... ##.#
.#.#.#..##.. ##.##


You could see an ogre.

Vanquished Creatures
  Jessica (D:2)
  3 adders
  2 worms
  3 dart slugs
  6 leopard geckos
  2 ball pythons
  3 giant cockroaches
  13 goblins
  7 hobgoblins
  7 jackals
  7 kobolds
  2 quokkas
  12 bats
  3 frilled lizards
  12 rats
83 creatures vanquished.

Notes
Turn   | Place    | Note
-------+----------+-------------------------------------------
     0 | D:1      | johnnyshock00 the Hill Orc Berserker began the quest for
                  | the Orb.
     0 | D:1      | Reached XP level 1. HP: 19/19 MP: 1/1
   328 | D:1      | Reached XP level 2. HP: 26/27 MP: 2/2
   603 | D:1      | Reached XP level 3. HP: 33/33 MP: 3/3
   658 | D:1      | Reached skill level 4 in Long Blades
   682 | D:1      | Reached ** piety under Trog
  1194 | D:2      | Reached XP level 4. HP: 33/41 MP: 4/4
  1234 | D:2      | Noticed Jessica
  1248 | D:2      | Killed Jessica
  1734 | D:2      | Reached XP level 5. HP: 45/47 MP: 5/5
  1866 | D:2      | Found an opulent altar of Gozag.
  2703 | D:3      | Reached skill level 5 in Long Blades
  3481 | D:4      | Noticed an ogre
  3495 | D:4      | Mangled by an ogre

Illustrated notes

Levels and vault maps discovered:
D:1:      eino_arrival_cavern_e, layout_rooms
D:2:      layout_basic, nicolae_overflow_hidden_temple, serial_glass,
          glass_columns_a, glass_columns_b, item_on_display_a,
          item_on_display_a, wander_ebering_terrifying_dragon_lair, uniq_jessica
D:3:      layout_loops_corners
D:4:      layout_loops_cross, ebering_dispersal_statue_hall

Skill      XL: |  1  2  3  4  5 |
---------------+----------------+-----
Fighting       | 4 |  4.6
Long Blades    | 4 5 |  5.0
Dodging        | 2 |  2.2
Armour         | |  2.9
Stealth        | |  0.2

Action                   |  1- 3 |  4- 6 || total
-------------------------+-------+-------++-------
Melee: Falchion          |   110 |   145 ||   255
       Flail             |       |     3 ||     3
Invok: Berserk           |       |     2 ||     2
       Trog's Hand       |       |     1 ||     1
  Use: Potion            |       |     1 ||     1
Armor: Animal skin       |    11 |       ||    11
       Scale mail        |    23 |    44 ||    67
       Plate armour      |       |    42 ||    42
Dodge: Dodged            |    75 |    75 ||   150
       Rpst.: Falchion   |    23 |    25 ||    48
